 Dungeon Crawl Stone Soup version 0.30.0-5-g1a98f26d00 (webtiles) character file.

Game seed: 14033215520786195218

270 Irreverend the Ruffian (level 6, 0/91 HPs)
             Began as a Troll Fighter on May 8, 2023.
             Slain by a black bear (1 damage)
             ... on level 4 of the Dungeon.
             The game lasted 00:03:58 (1715 turns).

Irreverend the Ruffian (Troll Fighter)              Turns: 1715, Time: 00:03:59

Health: 0/91       AC: 23    Str: 25    XL:     6   Next: 1%
Magic:  5/5        EV:  1    Int:  6    God:
Gold:   163        SH:  8    Dex:  9    Spells: 5/5 levels left

rFire   + .          .
                       - Unarmed
rCold   x . .        b - +0 kite shield
rNeg    . . .        a - melded +0 robe
rPois   +            (helmet currently unavailable)
rElec   .            (cloak currently unavailable)
rCorr   .            (gloves unavailable)
SInv    .            (boots unavailable)
Will    .....        (no amulet)
Stlth   +            l - ring of fire
HPRegen 1.15/turn    (no ring)
MPRegen 0.09/turn

%: no passive effects
@: lethally poisoned (0 -> -2), tree-form
A: stationary, stasis, torment immunity, boosted hp, large, unfitting armour,
(claws 3), regeneration 1, (shaggy fur 1), (tough skin 1)
a: no special abilities


You were on level 4 of the Dungeon.
You were a tree.
You visited 1 branch of the dungeon, and saw 4 of its levels.

You collected 163 gold pieces.

Inventory:

Armour
 a - a +0 robe (melded)
 b - a +0 kite shield (worn)
Jewellery
 l - a ring of fire (left branch)
 p - a ring of wizardry
 q - a +5 ring of evasion
Wands
 c - a wand of light (2)
Scrolls
 d - 2 scrolls of identify {unknown}
 e - a scroll of poison {unknown}
 f - 3 scrolls of magic mapping {unknown}
 i - a scroll of teleportation {unknown}
 j - a scroll of enchant armour {unknown}
 k - a scroll of blinking {unknown}
 m - a scroll of vulnerability {unknown}
 o - a scroll of immolation {unknown}
 s - a scroll of enchant weapon {unknown}
Potions
 g - 2 potions of lignification
 h - a potion of haste {unknown}
 n - 2 potions of curing {unknown}
 r - a potion of ambrosia {unknown}


   Skills:
 + Level 3.5 Fighting
 - Level 2.4 Dodging
 + Level 3.8 Shields
 * Level 4.6 Unarmed Combat


You had 5 spell levels left.
You didn't know any spells.
Your spell library contained the following spells:

 Spells                   Type           Power      Damage    Failure   Level
 Gell's Gravitas          Tloc           0%         N/A       97%         3
 Teleport Other           Tloc           0%         N/A       97%         3
 Dispersal                Tloc           0%         N/A       100%        6


Dungeon Overview and Level Annotations

Branches:
Dungeon (4/15)
 Temple: D:4-7

Altars:

Shops:
D:3 ?


Innate Abilities, Weirdness & Mutations

You are a tree.
Your roots penetrate the ground, keeping you stationary.
You cannot be teleported.
You are immune to unholy pain and torment.
Your maximum health is greatly increased.
Your equipment is partially melded.
You are too large for most types of armour.
((You have claws for hands.))
Your natural rate of healing is unusually fast.
((You are covered in fur. (AC +1)))
((You have tough skin. (AC +1)))


Message History

You are too injured to fight recklessly!
You are too injured to fight recklessly!
You are too injured to fight recklessly!
You are too injured to fight recklessly!
You are too injured to fight recklessly!
You are too injured to fight recklessly!
You are too injured to fight recklessly!
You are too injured to fight recklessly!
You are too injured to fight recklessly!
You are too injured to fight recklessly!
You are too injured to fight recklessly!
You are too injured to fight recklessly!
You are too injured to fight recklessly!
You are too injured to fight recklessly!
You are too injured to fight recklessly!
You are too injured to fight recklessly!
You are too injured to fight recklessly!
You miss the water moccasin.
The water moccasin is almost dead.
You feel sick. The water moccasin closely misses you.
The black bear closely misses you. The black bear claws you. x2
You barely miss the water moccasin.
The water moccasin is almost dead.
You feel sick. The water moccasin bites you. The black bear bites you.
* * * LOW HITPOINT WARNING * * *
The black bear claws you.
* * * LOW HITPOINT WARNING * * *
You block the black bear's attack. The water moccasin bites you.
* * * LOW HITPOINT WARNING * * *
You are more poisoned.
The water moccasin poisons you!
* * * LOW HITPOINT WARNING * * *
You feel very sick.
It was a potion of lignification.
You turn into a tree.
Your +0 robe melds into your body.
Your roots penetrate the ground.
You feel sick. The water moccasin bites you.
* * * LOW HITPOINT WARNING * * *
The black bear bites you but does no damage.
The black bear claws you.
You die...

..# #.# ..# #.#
#[# # #.# #.#.#
#.# ##.#. #.# ...
#.# #.# #.#
.#####S#####.#
.....?lh♣..##.###
#.#####.........#
#.##.##.#.#
#.##.##.#.#
#.##.##...#
#.##.####.#
...... .# .. #.#
<# #.# ..


You could see a water moccasin, a black bear and an iguana.

Vanquished Creatures
  Sigmund (D:2)
  An orc wizard (D:4)
  An adder (D:2)
  A dart slug (D:3)
  9 orcs
  6 ball pythons
  3 bats
  4 endoplasms
  A giant cockroach (D:1)
  4 goblins
  3 hobgoblins
  5 jackals
  7 kobolds
  4 frilled lizards
50 creatures vanquished.

Notes
Turn   | Place    | Note
-------+----------+-------------------------------------------
     0 | D:1      | Irreverend the Troll Fighter began the quest for the Orb.
     0 | D:1      | Reached XP level 1. HP: 22/22 MP: 0/0
   216 | D:1      | Found a faded altar of an unknown god.
   329 | D:1      | Reached XP level 2. HP: 29/29 MP: 1/1
   678 | D:2      | Noticed Sigmund
   709 | D:2      | Killed Sigmund
   710 | D:2      | Reached skill level 4 in Unarmed Combat
   710 | D:2      | Reached XP level 3. HP: 10/37 MP: 2/2
   710 | D:2      | Reached XP level 4. HP: 12/45 MP: 3/3
   710 | D:2      | Reached XP level 5. HP: 14/53 MP: 4/4
  1315 | D:3      | Found Mucef's Magic Scroll Shoppe.
  1643 | D:4      | Reached XP level 6. HP: 45/61 MP: 5/5
  1699 | D:4      | Noticed a water moccasin
  1715 | D:4      | HP: 1/91 [water moccasin (6)]
  1715 | D:4      | Slain by a black bear

Illustrated notes

Levels and vault maps discovered:
D:1:      kennysheep_arrival_forest, layout_basic,
          hellmonk_ecumenical_altar_arch_garden, minmay_pentomino_z2
D:2:      layout_rooms, uniq_sigmund
D:3:      layout_loops_ring, serial_shops, shop, minmay_hedge_maze
D:4:      layout_loops_ring

Skill      XL: |  1  2 |
---------------+-------+-----
Shields        | 3 |  3.8
Fighting       | 3 |  3.5
Unarmed Combat | 4 |  4.6
Dodging        | |  2.4

Action                     |  1- 3 |  4- 6 || total
---------------------------+-------+-------++-------
  Melee: Unarmed           |    69 |   102 ||   171
    Use: Potion            |     1 |     1 ||     2
 Armour: Robe              |    22 |    29 ||    51
         Skin              |       |     1 ||     1
  Dodge: Dodged            |    18 |    33 ||    51
  Block: Kite shield       |    29 |    46 ||    75
